 Dungeon Crawl Stone Soup version 0.14-a0-1576-gf4c5cb9 (webtiles) character file.

334 HollowCharge the Cudgeler (level 5, 0/55 HPs)
             Began as an Ogre Gladiator on Dec 21, 2013.
             Killed from afar by an orc wizard (5 damage)
             ... with a magic dart
             ... on Level 3 of the Dungeon.
             The game lasted 00:16:03 (2760 turns).

HollowCharge the Cudgeler (Ogre Gladiator)          Turns: 2760, Time: 00:16:03

HP   0/55        AC  3     Str 21      XL: 5   Next: 94%
MP   5/5         EV 11     Int  7      God:
Gold 117         SH  0     Dex 10      Spells:  0 memorised,  4 levels left

rFire  + . .     SeeInvis .     s - +0 mace (holy)
rCold  + . .     Clarity  .     i - +0 robe
rNeg   . . .     Conserve .     (shield restricted)
rPois  +         rCorr    .     c - +0 cap
rElec  +         rRot     .     (no cloak)
SustAb . .       Spirit   .     (gloves unavailable)
rMut   .         Warding  .     (boots unavailable)
Saprov + . .     Stasis   .     (no amulet)
                                (no ring)
                                (no ring)

@: slightly resistant to hostile enchantments, unstealthy
A: unfitting armour, fast metabolism 1, saprovore 1, tough skin 1
a: no special abilities


You were on level 3 of the Dungeon.
You were not hungry.

You visited 1 branch of the dungeon, and saw 3 of its levels.

You collected 117 gold pieces.

Inventory:

Hand weapons
 a - a +0,+0 mace
 s - a +0,+0 mace of holy wrath (weapon)
Missiles
 d - 3 throwing nets (quivered)
Armour
 c - a +0 cap (worn)
 i - a +0 robe (worn)
Comestibles
 f - a meat ration
 g - a choko
 m - 3 bread rations
 r - an apple
Scrolls
 e - a scroll of random uselessness {unknown}
 o - a scroll of enchant weapon II {unknown}
 t - a scroll of blinking {unknown}
Potions
 h - a potion of heal wounds {unknown}
 k - a potion of agility
 p - a potion of curing


   Skills:
 + Level 4.8 Fighting
 + Level 5.9 Maces & Flails
 - Level 2.2 Throwing
 + Level 4.0 Dodging


You had 4 spell levels left.
You didn't know any spells.

Dungeon Overview and Level Annotations

Branches:
Dungeon (3/16)

Altars:
Ashenzari
Makhleb
Sif Muna
Vehumet
Zin


Innate Abilities, Weirdness & Mutations

You are too large for most types of armour.
You have a fast metabolism.
You can tolerate rotten meat.
You have tough skin (AC +1).


Message History

* * * LOW HITPOINT WARNING * * *
The orc wizard casts a spell at you. You resist.
The orc wizard mumbles some strange words.
The orc wizard flickers and vanishes!
Deactivating autopickup; reactivate with Ctrl-A.
You feel protected.
The orc wizard mumbles some strange words.
The orc wizard blinks!
The puff of flame hits you! You resist.
* * * LOW HITPOINT WARNING * * *
The orc wizard unwields an uncursed orcish dagger.
The orc wizard drops an uncursed orcish dagger.
The orc wizard picks up a runed orcish hand axe.
The orc wizard wields a runed orcish hand axe.
The orc wizard gestures at you while chanting.
The magic dart hits you!
* * * LOW HITPOINT WARNING * * *
The magic dart hits you!
You die...

#.....##>.......###
#.................#
#######'#.[..########.##
...####.#.............<#
......#.#.##.########.##
.....)..#.##.# #.#
....#.###.##.########.#
..###.#...............# ..#
#.#.#.##.###@..#### ..#
#.#...##)# #...# ..#
#.######)# #...# ..#
#........# #...#
############.###...#
...................#
...................########
..........................#
............)..o..........#


You could see an orc wizard.

Vanquished Creatures
  3 orc priests (D:3)
  Ijyb (D:2)
  4 gnolls (D:3)
  An adder (D:3)
  A worm (D:2)
  An ooze (D:2)
  2 orcs (D:3)
  5 giant cockroaches
  8 hobgoblins
  A quokka (D:2)
  A ball python (D:1)
  5 bats
  2 giant geckos
  A giant newt (D:3)
  7 goblins
  4 kobolds
  10 rats
57 creatures vanquished.

Notes
Turn   | Place    | Note
--------------------------------------------------------------
     0 | D:1      | HollowCharge, the Ogre Gladiator, began the quest for the Orb.
     0 | D:1      | Reached XP level 1. HP: 22/22 MP: 1/1
   362 | D:1      | Reached XP level 2. HP: 27/29 MP: 2/2
   914 | D:2      | Found a deep blue altar of Sif Muna.
   917 | D:2      | Found a shattered altar of Ashenzari.
   920 | D:2      | Found a burning altar of Makhleb.
   922 | D:2      | Found a glowing silver altar of Zin.
   941 | D:2      | Reached XP level 3. HP: 22/37 MP: 3/3
  1026 | D:2      | Found a radiant altar of Vehumet.
  1075 | D:2      | Noticed Ijyb
  1087 | D:2      | Killed Ijyb
  1921 | D:2      | Reached XP level 4. HP: 43/46 MP: 4/4
  2203 | D:3      | Reached skill level 5 in Maces & Flails
  2323 | D:3      | Reached XP level 5. HP: 34/55 MP: 5/5
  2760 | D:3      | Killed from afar by an orc wizard

Action                   |  1- 3 |  4- 6 || total
-------------------------+-------+-------++-------
Melee: Mace              |   139 |    54 ||   193
Throw: Large rock        |       |     6 ||     6
       Throwing net      |       |     4 ||     4
  Use: Scroll            |     2 |       ||     2
       Potion            |     1 |     6 ||     7
